 Dungeon Crawl Stone Soup version 0.31.0-11-ge490571c62 (webtiles) character file.

Game seed: 15298818310231306022

52 Zeor the Trooper (level 3, -7/24 HPs)
             Began as a Tengu Berserker on Feb 4, 2024.
             Was a Believer of Trog.
             Mangled by an ogre
             ... wielding a +0 giant spiked club
              (31 damage)
             ... on level 3 of the Dungeon on Feb 5, 2024.
             The game lasted 00:04:15 (1702 turns).

Zeor the Trooper (Tengu Berserker)                  Turns: 1702, Time: 00:04:16

Health: -7/24      AC: 12    Str: 17    XL:     3   Next: 85%
Magic:  13/13      EV: 26    Int:  7    God:    Trog [**....]
Gold:   81         SH:  0    Dex: 15    Spells: 2/2 levels left

rFire   . . .        h - +2 short sword (protect)
rCold   . . .        (no shield)
rNeg    . . .        j - +0 ring mail
rPois   .            (helmet restricted)
rElec   .            (no cloak)
rCorr   .            (no gloves)
SInv    .            (boots unavailable)
Will    .....        (no amulet)
Stlth   +            d - ring of magical power
HPRegen 0.24/turn    (no ring)
MPRegen 0.13/turn

%: acrobat
@: under a protective aura, acrobatic, attractive
A: beak, talons 3, acrobatic
a: Renounce Religion, Berserk, Trog's Hand


You were on level 3 of the Dungeon.
You worshipped Trog.
Trog was pleased with you.
You visited 1 branch of the dungeon, and saw 3 of its levels.

You collected 81 gold pieces.

Inventory:

Hand Weapons
 a - a +0 falchion
 f - a +0 dagger of freezing
 h - a +2 short sword of protection (weapon)
Armour
 j - a +0 ring mail (worn)
Jewellery
 d - a ring of magical power (left hand)
Potions
 c - 2 potions of invisibility
 e - a potion of heal wounds {unknown}
 g - a potion of degeneration {unknown}
 i - a potion of mutation {unknown}
 k - a potion of curing {unknown}


   Skills:
 * Level 3.9 Fighting
 * Level 3.8 Long Blades
 + Level 2.3 Armour
 + Level 2.6 Dodging


You had 2 spell levels left.
You didn't know any spells.
Your spell library was empty.

Dungeon Overview and Level Annotations

Branches:
Dungeon (3/15)

Altars:


Innate Abilities, Weirdness & Mutations

You have a beak for a mouth.
You have claws for feet.
You can magically evade attacks while moving or waiting.


Message History

HP restored.
There is a stone staircase leading up here.
You now have 81 gold pieces (gained 4).
b - an amethyst potion
Found a stone staircase leading down.
You aren't carrying any scrolls.
Found a stone staircase leading up.
An orc comes into view. It is wielding a +0 club.
The orc shouts!
You hear a shout!
An orc and an ogre come into view.
An endoplasm comes into view.
The endoplasm quivers.
An orc comes into view. It is wielding a +0 hand axe.
The orc shouts!
You hear an angry hiss.
A goblin comes into view. It is wielding a +0 club.
The goblin shouts!
An adder comes into view.
You aren't carrying any scrolls.
It was a potion of attraction.
You feel attractive to monsters. The orc is attracted toward you.
The ogre is attracted toward you. The orc is attracted toward you.
The adder is attracted toward you. The endoplasm is attracted toward you.
You hit the orc but do no damage.
Your weapon exudes an aura of protection.
You claw the orc, but do no damage. The orc is attracted toward you.
The endoplasm is attracted toward you. The adder bites you but does no damage.
The orc misses you. The adder misses you.
A bat comes into view.
The adder bites you but does no damage. The ogre barely misses you.
The orc completely misses you.
The bat moves out of view.
You puncture the ogre! You claw the ogre. You peck the ogre.
The ogre is heavily wounded.
The adder bites you but does no damage. The orc barely misses you.
The goblin is attracted toward you. The adder barely misses you.
The ogre hits you with a +0 giant spiked club!!
Ouch! That really hurt!
You die...

▒▒▒▒▒ ▒∙∙∙∙▒▒▒▒▒▒▒▒▒▒▒
▒∙∙∙∙▒∙>∙∙∙∙∙∙∙▒
▒∙∙∙∙▒J∙∙∙∙∙∙∙∙▒
▒∙∙∙∙Qoo∙∙∙∙∙∙∙▒
▒∙∙∙S▒Oo∙∙∙∙∙∙∙▒▒▒▒▒▒▒
▒∙∙∙∙▒g∙∙∙∙∙∙∙∙▒∙∙∙∙∙∙
▒∙∙∙∙∙#∙∙∙∙∙∙∙∙∙∙∙∙∙∙∙
▒∙∙∙∙∙∙∙∙∙∙∙∙∙∙∙∙∙∙∙∙∙


∙∙∙∙∙∙∙∙∙∙∙∙∙∙∙∙∙∙∙∙∙∙∙ ∙∙∙∙∙∙∙∙∙∙∙∙∙∙∙∙∙∙∙∙∙∙∙∙ ∙∙∙∙∙∙∙g∙∙∙∙∙∙∙∙∙∙∙∙∙∙∙∙
∙∙▒▒∙<∙∙∙∙∙∙∙∙∙∙∙∙∙∙∙∙∙ You could see an ogre, an adder, 3 orcs, an endoplasm
and a goblin.

Vanquished Creatures
  An adder (D:2)
  2 ribbon worms (D:2)
  2 ball pythons
  A bat (D:1)
  5 endoplasms
  7 goblins
  A hobgoblin (D:1)
  2 quokkas
  3 frilled lizards (D:2)
  8 kobolds
  4 rats
36 creatures vanquished.

Notes
Turn   | Place    | Note
-------+----------+-------------------------------------------
     0 | D:1      | Zeor the Tengu Berserker began the quest for the Orb.
     0 | D:1      | Reached XP level 1. HP: 14/14 MP: 2/2
   200 | D:1      | Reached XP level 2. HP: 16/19 MP: 3/3
   633 | D:2      | Reached XP level 3. HP: 23/23 MP: 4/4
   766 | D:2      | Reached ** piety under Trog
  1685 | D:3      | Noticed an ogre
  1702 | D:3      | Mangled by an ogre

Illustrated notes

Levels and vault maps discovered:
D:1:      pf_arrival_petrified_forest, layout_basic
D:2:      layout_loops_corners, serial_bayou_pond_c, minmay_pentomino_p4
D:3:      layout_rooms, hellmonk_ecumenical_altar_inner_sanctum

Action                     || total
---------------------------++-------
  Melee: Falchion          ||    15
         Kick              ||    20
         Short sword       ||    64
         Peck              ||    10
         Punch             ||     1
    Use: Scroll            ||     3
         Potion            ||     1
   Stab: Sleeping          ||     1
 Armour: Animal skin       ||    12
         Ring mail         ||    16
  Dodge: Dodged            ||    28
